 Dungeon Crawl Stone Soup version 0.23.2-33-g5129a83184 (webtiles) character file.

Game seed: 8255976481266088805

52462 Matador8 the Dancer (level 14, -1/121 HPs)
             Began as a Purple Draconian Earth Elementalist on June 26, 2019.
             Was a Follower of Uskayaw.
             Slain by an ettin
             ... wielding a +0 great mace
              (26 damage)
             ... on level 1 of the Orcish Mines on June 27, 2019.
             The game lasted 03:10:23 (30388 turns).

Matador8 the Dancer (DrEE)                         Turns: 30388, Time: 03:10:24

Health: -1/121     AC: 11    Str: 13      XL:     14   Next: 27%
Magic:  13/27      EV: 20    Int: 17 (19) God:    Uskayaw [*.....]
Gold:   1632       SH:  5    Dex: 16      Spells: 21/32 levels left

rFire    . . .     SeeInvis .   b - +0 scimitar (elec)
rCold    + . .     Gourm    .   Z - +0 buckler
rNeg     . . .     Faith    .   (armour unavailable)
rPois    .         Spirit   .   (helmet restricted)
rElec    .         Reflect  .   o - +0 cloak
rCorr    .         Harm     .   D - +0 pair of gloves
MR       ++...                  K - +0 pair of boots
Stlth    ++++......             N - amulet of magic regeneration
HPRegen  0.30/turn              J - ring of wizardry
MPRegen  0.45/turn              T - ring of the Gloaming {rC+ Stlth+}

@: agile, marked, drained
A: breathe power, unfitting armour, cold-blooded, AC +8
a: Breathe Dispelling Energy, Stomp, Renounce Religion


You were on level 1 of the Orcish Mines.
You worshipped Uskayaw.
Uskayaw was pleased with you.
You were not hungry.

You visited 4 branches of the dungeon, and saw 20 of its levels.
You also visited: Ossuary and Ice Cave.

You collected 1632 gold pieces.

Inventory:

Hand Weapons
 a - a +2 dagger of venom
 b - a +0 scimitar of electrocution (weapon)
 P - a +0 blowgun
 Y - a +1 scimitar of freezing
Missiles
 k - 73 poisoned needles
 v - 210 stones (quivered)
Armour
 o - a +0 cloak (worn)
 D - a +0 pair of gloves (worn)
 K - a +0 pair of boots (worn)
 Z - a +0 buckler (worn)
Jewellery
 m - an uncursed amulet of guardian spirit
 y - an uncursed ring of protection from magic
 A - an uncursed ring of resist corrosion
 J - a ring of wizardry (left hand)
 N - an amulet of magic regeneration (around neck)
 R - an uncursed ring of protection from fire
 S - an uncursed ring of protection from cold
 T - the ring of the Gloaming (right hand) {rC+ Stlth+}
   (You found it on level 9 of the Dungeon)

   [ring of protection from cold]

   It protects you from cold.
   It makes you more stealthy.
 U - an uncursed ring of magical power {unknown}
 V - a +2 amulet of reflection
Wands
 H - a wand of paralysis (17)
 M - a wand of iceblast (21)
 O - a wand of flame (53)
 W - a wand of acid (8)
Scrolls
 g - 2 scrolls of blinking {unknown}
 i - 5 scrolls of remove curse
 j - 2 scrolls of enchant armour {unknown}
 n - 4 scrolls of identify
 q - 3 scrolls of magic mapping
 r - 2 scrolls of amnesia {unknown}
 s - a scroll of silence {unknown}
 u - 8 scrolls of teleportation
 w - a scroll of fog
 x - 3 scrolls of immolation
 C - 2 scrolls of fear {unknown}
 L - a scroll of summoning {unknown}
 Q - 3 scrolls of random uselessness {unknown}
 X - 2 scrolls of noise {unknown}
Potions
 f - a potion of invisibility {unknown}
 h - 3 potions of agility
 p - 5 potions of flight
 t - a potion of curing
 z - a potion of magic
 B - 2 potions of lignification {unknown}
 E - 3 potions of brilliance
 F - 5 potions of might
 G - 2 potions of haste
 I - 2 potions of resistance
Miscellaneous
 d - a lamp of fire
Comestibles
 c - 23 rations


   Skills:
 - Level 10.1(9.3) Fighting
 - Level 10.2(9.5) Short Blades
 * Level 1.9(6.0) Long Blades
 - Level 2.0(1.3) Throwing
 - Level 6.2(5.5) Dodging
 - Level 3.0(2.3) Stealth
 - Level 4.0(3.3) Shields
 - Level 9.6(8.8) Spellcasting
 - Level 4.0(3.3) Conjurations
 - Level 4.0(3.3) Transmutations
 + Level 11.7(10.9) Earth Magic
 - Level 12.0(11.1) Invocations
 - Level 5.4(4.7) Evocations


You had 21 spell levels left.
You knew the following spells:

 Your Spells              Type           Power        Failure   Level  Hunger
a - Sandblast             Erth           #####.       1%          1    None
b - Passwall              Tmut/Erth      ####....     1%          2    None
c - Stone Arrow           Conj/Erth      ####..       1%          3    #......
d - Lee's Rapid Deconstr  Erth           #####.....   1%          5    #####..

Your spell library contained the following spells:

 Spells                   Type           Power        Failure   Level  Hunger
 Magic Dart               Conj           ###.         1%          1    None
 Petrify                  Tmut/Erth      ####....     2%          4    ###....
 Corona                   Hex            #......      4%          1    None
 Leda's Liquefaction      Hex/Erth       ####......   4%          4    ###....
 Blink                    Tloc           N/A          6%          2    None
 Call Imp                 Summ           #.......     6%          2    None
 Corpse Rot               Necr           N/A          6%          2    None
 Ensorcelled Hibernation  Hex/Ice        #.....       6%          2    None
 Slow                     Hex            #.......     6%          2    None
 Conjure Flame            Conj/Fire      ##......     6%          3    #......
 Dazzling Spray           Conj/Hex       ##....       6%          3    #......
 Mephitic Cloud           Conj/Pois/Air  ##......     9%          3    #......
 Confuse                  Hex            #.......     12%         3    #......
 Portal Projectile        Hex/Tloc       #.....       12%         3    #......
 Tukima's Dance           Hex            #.......     12%         3    #......
 Summon Forest            Summ/Tloc      #.........   71%         5    #####..
 Hydra Form               Tmut           ###.......   82%         6    ######.
 Dispersal                Tloc           #.........   99%         6    ######.
 Summon Hydra             Summ           #.........   100%        7    #######


Dungeon Overview and Level Annotations

Branches:
Dungeon (12/15)            Temple (1/1) D:6            Lair (6/6) D:10
 Shoals (0/4) Lair:4        Snake (0/4) Lair:3        Slime (0/5) Lair:6
    Orc (1/2) D:9

Altars:
Ashenzari
Cheibriados
Dithmenos
Elyvilon
Fedhas
Gozag
Hepliaklqana
Kikubaaqudgha
Makhleb
Nemelex Xobeh
Okawaru
Qazlal
Ru
Sif Muna
Trog
Uskayaw
Vehumet
Wu Jian
Xom
Yredelemnul
Zin
The Shining One
Beogh
Jiyva

Shops:
D:5 :   D:9 %

Annotations:
Lair:5 exclusion: oklob plant
Lair:6 exclusion: oklob plant
Orc:1 Harold


Innate Abilities, Weirdness & Mutations

You can breathe bolts of dispelling energy.
Your rich purple scales are hard. (AC +8)
You cannot fit into any form of body armour.
You are cold-blooded and may be slowed by cold attacks.


Message History

Your surroundings suddenly seem different.
You eat one of the 24 rations.
That ration really hit the spot!
You start resting.
You can no longer pass through a line of other dancers.
An ettin comes into view.
It is wielding a +0 great mace and a +0 dire flail.
Okay, then.
You feel agile all of a sudden.
An orc comes into view.
Casting: Lee's Rapid Deconstruction (safe; 1% risk of failure)
Confirm with . or Enter, or press ? or * to list all spells.
Aiming: Lee's Rapid Deconstruction (safe; 1% risk of failure)
Press: ? - help, Dir - move target cursor A rock wall.
The wall shatters!
The blast of rock fragments hits the orc!
You kill the orc!
The blast of rock fragments hits the ettin.
The ettin is lightly wounded.
The ettin hits you with a +0 great mace!!
You die...

# ###
##.##.##
#...C..#
#@# ###


You could see an ettin.

Vanquished Creatures
  Josephine (D:12)
  5 hydras
  Fannar (Lair:1)
  3 two-headed ogres
  A wolf spider (D:9)
  A cyclops (D:12)
  4 slime creatures (D:12)
  5 ugly things
  Maurice (D:8)
  4 elephants
  3 black mambas
  3 ice statues (IceCv)
  9 spiny frogs
  3 gargoyles
  7 komodo dragons
  A komodo dragon (shapeshifter) (D:9)
  2 kobold demonologists (D:12)
  A rime drake (Lair:6)
  2 ice devils (Lair:3)
  3 meliai (Lair:6)
  A queen bee (Lair:6)
  3 trolls
  5 polar bears (Lair:6)
  A hornet (Lair:6)
  3 blink frogs (Lair:1)
  8 hippogriffs
  6 dream sheep (Lair:5)
  3 wraiths (D:12)
  2 vampires
  14 spriggans (Lair:6)
  38 yaks
  A steam dragon (D:12)
  2 wyverns
  A hungry ghost (D:8)
  A basilisk (Lair:2)
  21 water moccasins
  4 porcupines
  10 orc warriors
  9 ice beasts
  4 sky beasts
  5 black bears
  5 boggarts (Lair:6)
  2 phantoms
  A necrophage (D:9)
  25 wolves
  4 centaurs
  5 ogres
  8 crocodiles
  3 big kobolds
  2 gnoll sergeants
  25 bullfrogs
  2 elf skeletons (D:5)
  A wyvern zombie (D:10)
  6 scorpions
  2 wyvern skeletons
  22 killer bees
  An electric eel (Lair:3)
  15 wights
  4 howler monkeys
  3 crimson imps
  2 bullfrog zombies
  7 hounds
  4 centaur skeletons
  A centaur zombie (D:11)
  5 jellies
  7 orc priests
  2 bullfrog skeletons
  17 orc wizards
  Jessica (D:3)
  2 human skeletons (D:5)
  5 iguanas
  6 worker ants
  2 killer bee zombies
  2 hound skeletons
  3 mummies (Ossuary)
  3 worker ant zombies (D:11)
  9 gnolls
  A howler monkey skeleton (D:7)
  21 adders
  4 shadow imps
  An ooze (D:5)
  An adder zombie (Ossuary)
  3 worms
  A dart slug (D:4)
  8 leopard geckos
  65 orcs
  3 giant cockroaches
  11 goblins
  12 hobgoblins
  5 jackals
  17 kobolds
  7 quokkas
  4 ball pythons
  8 bats
  8 frilled lizards
  A gnoll zombie (Ossuary)
  2 goblin zombies (Ossuary)
  2 hobgoblin zombies (Ossuary)
  5 kobold zombies (Ossuary)
  A leopard gecko skeleton (D:8)
  2 orc skeletons (D:5)
  A quokka skeleton (D:5)
  5 quokka zombies (Ossuary)
  8 rats
  2 rat zombies (Ossuary)
  A fungus (Lair:6)
626 creatures vanquished.

Vanquished Creatures (others)
  24 fungi
  21 plants (Lair:6)
45 creatures vanquished.

Grand Total: 671 creatures vanquished

Notes
Turn   | Place    | Note
-------+----------+-------------------------------------------
     0 | D:1      | Matador8 the Draconian Earth Elementalist began the quest
                  | for the Orb.
     0 | D:1      | Reached XP level 1. HP: 14/14 MP: 3/3
   195 | D:1      | Reached XP level 2. HP: 20/20 MP: 3/5
   207 | D:1      | Learned a level 2 spell: Passwall
   736 | D:1      | Reached XP level 3. HP: 26/26 MP: 7/7
  1472 | D:2      | Reached XP level 4. HP: 31/33 MP: 5/8
  1962 | D:3      | Learned a level 3 spell: Stone Arrow
  2005 | D:3      | Found a radiant altar of Vehumet.
  2209 | D:3      | Reached XP level 5. HP: 34/38 MP: 10/10
  2270 | D:3      | Noticed Jessica
  2277 | D:3      | Killed Jessica
  2376 | D:3      | Found a white marble altar of Elyvilon.
  3105 | D:4      | Reached skill level 1 in Conjurations
  3197 | D:4      | Noticed an ogre
  3292 | D:4      | Killed an ogre
  3292 | D:4      | Reached XP level 6. HP: 45/45 MP: 10/12
  3364 | D:4      | Found an iron altar of Okawaru.
  3490 | D:4      | Noticed an orc warrior
  3809 | D:4      | Your scales start taking on a rich purple colour.
  3809 | D:4      | Reached XP level 7. HP: 50/50 MP: 10/14
  4267 | D:5      | Entered Level 5 of the Dungeon
  4277 | D:5      | Reached skill level 5 in Earth Magic
  4299 | D:5      | Found a glowing golden altar of the Shining One.
  4305 | D:5      | Found a shadowy altar of Dithmenos.
  4314 | D:5      | Reached skill level 1 in Fighting
  4422 | D:5      | Found a sand-covered staircase.
  4438 | Ossuary  | Entered an ossuary
  4745 | D:5      | Reached XP level 8. HP: 53/63 MP: 11/15
  5056 | D:5      | Found Ashah's Book Boutique.
  5118 | D:5      | Found an ornate altar of the Wu Jian Council.
  5412 | D:6      | Found a staircase to the Ecumenical Temple.
  5421 | Temple   | Entered the Ecumenical Temple
  5427 | Temple   | Reached skill level 1 in Short Blades
  5627 | Temple   | Became a worshipper of Uskayaw the Reveler
  5655 | D:6      | Reached * piety under Uskayaw
  5840 | D:6      | Reached skill level 1 in Invocations
  5840 | D:6      | Reached ** piety under Uskayaw
  5991 | D:7      | Reached skill level 2 in Invocations
  6242 | D:7      | Reached XP level 9. HP: 73/73 MP: 1/16
  6677 | D:6      | Reached *** piety under Uskayaw
  6754 | D:6      | Reached skill level 3 in Invocations
  6810 | D:6      | Reached skill level 5 in Spellcasting
  7181 | D:7      | Reached **** piety under Uskayaw
  7455 | D:8      | Found a burning altar of Makhleb.
  7528 | D:8      | Reached skill level 4 in Invocations
  7801 | D:8      | Learned a level 5 spell: Lee's Rapid Deconstruction
  8085 | D:8      | Reached skill level 1 in Throwing
  8157 | D:8      | Reached skill level 5 in Invocations
  8563 | D:8      | Noticed Maurice
  8736 | D:9      | Reached XP level 10. HP: 40/80 MP: 6/20
  8971 | D:8      | Found a shattered altar of Ashenzari.
  9301 | D:9      | Noticed a wolf spider
  9306 | D:9      | Killed a wolf spider
  9306 | D:9      | Reached skill level 6 in Invocations
  9360 | D:9      | Got a warped brass ring
  9376 | D:9      | Got a warped trident
  9608 | D:9      | Identified the ring of the Gloaming {rC+ Stlth+} (You found
                  | it on level 9 of the Dungeon)
  9620 | D:9      | Identified the +5 trident of Misery {pierce, MR++ MP-9 SInv
                  | Stlth+} (You found it on level 9 of the Dungeon)
  9761 | D:9      | Reached skill level 7 in Invocations
  9943 | D:9      | Found Lerah's Food Shop.
 10277 | D:9      | Found a roughly hewn altar of Beogh.
 10277 | D:9      | Found a staircase to the Orcish Mines.
 10292 | D:8      | Noticed a two-headed ogre
 10601 | D:8      | Killed a two-headed ogre
 10601 | D:8      | Reached skill level 10 in Earth Magic
 10601 | D:8      | Reached skill level 8 in Invocations
 10722 | D:8      | Killed Maurice
 10722 | D:8      | Reached skill level 5 in Fighting
 10842 | D:9      | Noticed a two-headed ogre
 10846 | D:9      | Killed a two-headed ogre
 11212 | D:9      | Reached XP level 11. HP: 43/89 MP: 1/21
 11665 | D:9      | Reached skill level 5 in Short Blades
 12757 | D:10     | Entered Level 10 of the Dungeon
 12781 | D:10     | Found a staircase to the Lair.
 12882 | D:10     | Noticed a two-headed ogre
 12891 | D:10     | Killed a two-headed ogre
 13473 | D:10     | Found a sparkling altar of Nemelex Xobeh.
 13952 | Lair:1   | Entered Level 1 of the Lair of Beasts
 14628 | Lair:1   | Noticed a seven-headed hydra
 14674 | Lair:1   | Killed a seven-headed hydra
 14988 | Lair:1   | Reached ***** piety under Uskayaw
 15692 | Lair:1   | Reached skill level 10 in Short Blades
 15694 | Lair:1   | Reached XP level 12. HP: 42/101 MP: 2/22
 17272 | Lair:2   | Noticed Fannar
 17387 | Lair:1   | Killed Fannar
 18049 | Lair:2   | Reached skill level 1 in Evocations
 18641 | Lair:3   | Noticed a seven-headed hydra
 18646 | Lair:3   | Killed a seven-headed hydra
 18666 | Lair:3   | Found a frozen archway.
 18681 | Lair:3   | Reached skill level 9 in Invocations
 18916 | IceCv    | Entered an ice cave
 19283 | IceCv    | Reached skill level 5 in Evocations
 19505 | IceCv    | Got sapphire-studded ice dragon scales
 20141 | Lair:3   | Reached skill level 10 in Invocations
 20192 | Lair:3   | Found a staircase to the Snake Pit.
 21173 | Lair:4   | Found a staircase to the Shoals.
 21428 | Lair:4   | Reached XP level 13. HP: 62/111 MP: 12/24
 22926 | Lair:5   | Reached skill level 11 in Invocations
 23086 | Lair:6   | Entered Level 6 of the Lair of Beasts
 23725 | Lair:6   | Found a viscous altar of Jiyva.
 23730 | Lair:6   | Found a staircase to the Slime Pits.
 24502 | Lair:6   | Reached skill level 12 in Invocations
 24503 | Lair:6   | Reached skill level 1 in Shields
 24527 | Lair:6   | Reached ****** piety under Uskayaw
 26314 | Lair:6   | Identified the Tome of the Voyage
 26634 | Lair:6   | Reached skill level 10 in Fighting
 26651 | Lair:6   | Found a blossoming altar of Fedhas.
 27814 | D:11     | Reached skill level 5 in Dodging
 28224 | D:11     | Reached XP level 14. HP: 89/121 MP: 20/27
 28937 | D:12     | Noticed Josephine
 28942 | D:12     | Killed Josephine
 29823 | D:12     | Reached skill level 1 in Long Blades
 30175 | Orc:1    | Entered Level 1 of the Orcish Mines
 30319 | Orc:1    | Noticed Harold
 30362 | Orc:1    | HP: 4/121 [orc warrior/+0 scimitar (11)]
 30388 | Orc:1    | Slain by an ettin

Skill      XL: |  1  2  3  4  5  6  7  8  9 10 11 12 13 14 |
---------------+-------------------------------------------+-----
Spellcasting   | 3 4 6 7 9 |  9.6
Earth Magic    | 4 6 7 8 10 11 | 11.7
Conjurations   | 2 3 4 |  4.0
Transmutations | 2 3 4 |  4.0
Fighting       | 3 4 5 8 9 10 | 10.1
Short Blades   | 3 4 10 | 10.2
Invocations    | 2 5 8 10 12 | 12.0
Throwing       | 2 |  2.0
Dodging        | 2 3 4 5 6 |  6.2
Stealth        | 3 |  3.0
Evocations     | 5 |  5.4
Shields        | 4 |  4.0
Long Blades    | 1 |  1.9

Action                   |  1- 3 |  4- 6 |  7- 9 | 10-12 | 13-15 || total
-------------------------+-------+-------+-------+-------+-------++-------
Melee: Unarmed           |     2 |       |       |       |       ||     2
       Dagger            |    92 |    85 |   335 |   711 |   297 ||  1520
       Tailslap          |     5 |     7 |    40 |    87 |    49 ||   188
       Scimitar          |       |       |       |       |    88 ||    88
 Fire: Blowgun           |       |     7 |     1 |    42 |       ||    50
Throw: Stone             |       |       |       |     1 |       ||     1
 Cast: Sandblast         |    33 |    35 |   132 |   103 |    89 ||   392
       Stone Arrow       |       |     5 |    82 |   149 |   115 ||   351
       Passwall          |       |     1 |     2 |       |       ||     3
       Lee's Rapid Decon |       |       |     1 |    75 |    98 ||   174
Invok: Stomp             |       |       |     1 |       |       ||     1
       Line Pass         |       |       |     4 |    15 |     8 ||    27
 Abil: Breathe Dispellin |       |       |       |     1 |       ||     1
Evoke: Wand              |       |       |       |     1 |       ||     1
       Lamp of fire      |       |       |       |     1 |       ||     1
  Use: Scroll            |       |     6 |     3 |     6 |    12 ||    27
       Potion            |       |       |     2 |     7 |     9 ||    18
 Stab: Sleeping          |     2 |     3 |     4 |     9 |     3 ||    21
       Paralysed         |       |       |     7 |    19 |    26 ||    52
       Distracted        |       |       |     1 |     2 |       ||     3
       Confused          |       |       |       |       |     3 ||     3
  Eat: Chunk             |     2 |     8 |    18 |    37 |    29 ||    94
       Ration            |       |       |     1 |     9 |     8 ||    18
Armor: Skin              |    39 |    19 |    63 |   165 |   145 ||   431
Dodge: Dodged            |    74 |    31 |   177 |   407 |   320 ||  1009
Block: Buckler           |       |       |       |       |    30 ||    30
       Rpst.: Scimitar   |       |       |       |       |    22 ||    22
